 Dungeon Crawl Stone Soup version 0.21.0-37-g46506fa (webtiles) character file.

534 JeffiDaFish the Stinger (level 7, -2/54 HPs)
             Began as a Gargoyle Venom Mage on Feb 2, 2018.
             Was an Initiate of Sif Muna.
             Slain by a mummy (10 damage)
             ... in an ossuary.
             The game lasted 00:15:51 (4204 turns).

JeffiDaFish the Stinger (Gargoyle Venom Mage)       Turns: 4204, Time: 00:15:51

Health: -2/54      AC: 26    Str: 11    XL:     7   Next: 25%
Magic:  12/12      EV:  2    Int: 17    God:    Sif Muna [......]
Gold:   221        SH:  4    Dex: 11    Spells: 7/13 levels left

rFire    + . .     SeeInvis .   i - +0 mace
rCold    . . .     Gourm    .   q - +0 buckler
rNeg     + + +     Faith    .   (armour currently unavailable)
rPois    ∞         Spirit   .   (helmet currently unavailable)
rElec    .         Reflect  .   (cloak currently unavailable)
rCorr    .         Harm     .   (gloves currently unavailable)
MR       .....     NoTele   +   (boots currently unavailable)
Stlth    ++........             o - amulet of regeneration
HPRegen  0.58/turn              k - ring of protection from fire
MPRegen  0.13/turn              g - +3 ring of protection

@: tree-form
A: negative energy resistance 1, petrification resistance, rot immunity, AC +4
a: Renounce Religion


You were in an ossuary.
You worshipped Sif Muna.
Sif Muna was noncommittal.
You were not hungry.
You were a tree.
You visited 2 branches of the dungeon, and saw 5 of its levels.
You also visited: Ossuary.

You collected 221 gold pieces.

Inventory:

Hand Weapons
 i - a +0 mace (weapon)
Armour
 e - a +3 ring mail (melded)
 h - a +0 pair of gloves (melded)
 q - a +0 buckler (worn)
 t - a +0 cloak (melded)
Jewellery
 f - an uncursed ring of positive energy
 g - a +3 ring of protection (right branch)
 k - a ring of protection from fire (left branch)
 o - an amulet of regeneration (around neck)
Wands
 r - a wand of iceblast (12)
Scrolls
 a - 4 scrolls of identify
 j - 2 scrolls of magic mapping
 l - 4 scrolls of fear
 m - 2 scrolls of remove curse
 p - a scroll of amnesia
Books
 b - a Young Poisoner's Handbook

   Spells                             Type                      Level
   a - Sting                          Conjuration/Poison           1
   b - Poisonous Vapours              Poison/Air                   2
   c - Mephitic Cloud                 Conjuration/Poison/Air       3
   d - Olgreb's Toxic Radiance        Poison                       4
   e - Venom Bolt                     Conjuration/Poison           5
Comestibles
 c - 5 rations


   Skills:
 - Level 0.2 Fighting
 - Level 0.8 Maces & Flails
 * Level 3.7 Armour
 - Level 2.2 Dodging
 - Level 2.4 Stealth
 * Level 3.8 Shields
 + Level 3.6 Spellcasting
 - Level 1.3 Conjurations
 - Level 0.8 Air Magic
 - Level 3.9 Poison Magic


You had 7 spell levels left.
You knew the following spells:

 Your Spells              Type           Power        Failure   Level  Hunger
a - Sting                 Conj/Pois      ##..         5%          1    None
b - Poisonous Vapours     Pois/Air       ##....       10%         2    ##.....
c - Mephitic Cloud        Conj/Pois/Air  ##......     22%         3    ###....


Dungeon Overview and Level Annotations

Branches:
Dungeon (4/15)             Temple (1/1) D:4

Altars:
Ashenzari
Dithmenos
Elyvilon
Gozag
Hepliaklqana
Kikubaaqudgha
Makhleb
Nemelex Xobeh
Okawaru
Qazlal
Ru
Sif Muna
Trog
Uskayaw
Vehumet
Wu Jian
Xom
Yredelemnul
Zin
The Shining One


Innate Abilities, Weirdness & Mutations

You are resistant to torment.
((Your stone body is resilient. (AC +4)))
You are immune to poison.
You resist negative energy. (rN+)
((You are resistant to electric shocks. (rElec)))
((You can survive without breathing.))
You are immune to petrification.
You are immune to rotting.


Message History

You hit the mummy.
The mummy is severely damaged.
The mummy hits you.
* * * LOW HITPOINT WARNING * * *
The mummy hits you but does no damage.
You hit the mummy but do no damage.
The mummy is severely damaged.
The mummy hits you but does no damage.
You hit the mummy but do no damage.
The mummy is severely damaged.
The mummy hits you but does no damage. x2
You hit the mummy.
The mummy is almost destroyed.
You block the mummy's attack.
You hit the mummy but do no damage.
The mummy is almost destroyed.
The mummy hits you.
* * * LOW HITPOINT WARNING * * *
The mummy hits you!
You die...

#..#.#....# !?M!?..#....'.'..
#..#.'....# ?!?M..#....#.#..
#..'.#....# .....#....#.#..
#..###....# ... #....###..
#..#.############'########.'..
#..#.#....#....#....#....#.#..
#..'.#....#....#....#....'.#..
#..###....#....#....#....###..
#..#.#....#.M♣.#....#....#.'..
#..#.####'##M###'#########.#..
#..#...#...#...#...# #...#..
#..###'###'###+###'###+#####..
#.............................
#∩...........................∩
##############################


You could see 2 mummies.

Vanquished Creatures
  Menkaure (Ossuary)
  3 centaur zombies (Ossuary)
  Ijyb (D:3)
  A worker ant (D:4)
  2 ogre zombies (Ossuary)
  3 mummies (Ossuary)
  A gnoll (D:4)
  7 adders
  6 adder zombies (Ossuary)
  A leopard gecko (D:2)
  8 orcs
  3 ball pythons
  3 giant cockroaches
  15 goblins
  7 hobgoblins
  5 jackals
  2 quokkas
  2 bats
  2 frilled lizards
  5 goblin zombies (Ossuary)
  6 hobgoblin zombies (Ossuary)
  11 kobolds
  4 kobold zombies (Ossuary)
  2 quokka zombies (Ossuary)
  5 rats
  2 rat zombies (Ossuary)
108 creatures vanquished.

Notes
Turn   | Place    | Note
-------+----------+-------------------------------------------
     0 | D:1      | JeffiDaFish the Gargoyle Venom Mage began the quest for the Orb.
     0 | D:1      | Reached XP level 1. HP: 10/10 MP: 3/3
   426 | D:1      | Reached XP level 2. HP: 15/15 MP: 1/5
   432 | D:1      | Learned a level 2 spell: Poisonous Vapours
   945 | D:1      | Reached XP level 3. HP: 19/19 MP: 3/6
  1227 | D:2      | Found an opulent altar of Gozag.
  1309 | D:2      | Learned a level 3 spell: Mephitic Cloud
  1526 | D:2      | Reached XP level 4. HP: 14/24 MP: 1/7
  1835 | D:2      | Found a shadowy altar of Dithmenos.
  1837 | D:2      | Found a hide-covered altar of Uskayaw.
  2482 | D:3      | Found a glowing golden altar of the Shining One.
  2701 | D:3      | Reached XP level 5. HP: 24/28 MP: 9/9
  2756 | D:3      | Noticed Ijyb
  2796 | D:3      | Killed Ijyb
  2796 | D:3      | Reached skill level 1 in Armour
  2796 | D:3      | Reached skill level 1 in Shields
  3270 | D:4      | Found an ancient bone altar of Kikubaaqudgha.
  3308 | D:4      | Found a staircase to the Ecumenical Temple.
  3316 | Temple   | Entered the Ecumenical Temple
  3392 | Temple   | Became a worshipper of Sif Muna the Loreminder
  3472 | D:4      | Found a sand-covered staircase.
  3493 | Ossuary  | Entered an ossuary
  3734 | Ossuary  | Reached XP level 6. HP: 31/32 MP: 10/10
  4146 | Ossuary  | Noticed Menkaure
  4187 | Ossuary  | Killed Menkaure
  4187 | Ossuary  | Reached XP level 7. HP: 15/36 MP: 12/12
  4204 | Ossuary  | Slain by a mummy

Skill      XL: |  1  2  3  4  5  6 |
---------------+-------------------+-----
Dodging        | 2 |  2.2
Armour         | 2 3 |  3.7
Shields        | 2 3 |  3.8
Spellcasting   | 3 |  3.6
Fighting       | |  0.2
Maces & Flails | |  0.8
Stealth        | |  2.4
Conjurations   | |  1.3
Air Magic      | |  0.8
Poison Magic   | |  3.9

Action                   |  1- 3 |  4- 6 |  7- 9 || total
-------------------------+-------+-------+-------++-------
Melee: Unarmed           |     8 |       |       ||     8
       Whip              |    74 |    29 |       ||   103
       Mace              |       |   366 |    16 ||   382
 Cast: Sting             |    13 |     4 |       ||    17
       Poisonous Vapours |    22 |    13 |       ||    35
  Use: Scroll            |     4 |     4 |       ||     8
       Potion            |     4 |     1 |     1 ||     6
  Eat: Chunk             |     3 |     9 |       ||    12
       Ration            |       |     1 |       ||     1
Armor: Robe              |    29 |    20 |       ||    49
       Ring mail         |       |   190 |       ||   190
       Skin              |       |     7 |    11 ||    18
Dodge: Dodged            |    53 |   225 |     2 ||   280
Block: Buckler           |       |    40 |     5 ||    45
